 Dungeon Crawl Stone Soup version 0.26.0-3-g156281e41b (webtiles) character file.

Game seed: 5877204892757309099

95 dolemite99 the Caller (level 4, -1/32 HPs)
             Began as a Gnoll Summoner on Jan 10, 2021.
             Slain by an adder (4 damage)
             ... on level 3 of the Dungeon.
             The game lasted 00:03:33 (2958 turns).

dolemite99 the Caller (Gnoll Summoner)              Turns: 2958, Time: 00:03:33

Health: -1/32      AC:  2    Str: 10    XL:     4   Next: 65%
Magic:  2/11       EV: 15    Int: 19    God:
Gold:   89         SH:  0    Dex: 15    Spells: 7/13 levels left

rFire    . . .     SeeInvis .   o - +1 mace (holy)
rCold    . . .     Faith    .   (no shield)
rNeg     . . .     Spirit   .   a - +0 robe
rPois    .         Reflect  .   (no helmet)
rElec    .         Harm     .   (no cloak)
rCorr    .         Rampage  .   (no gloves)
Will     .....                  (no boots)
Stlth    +++.......             (no amulet)
HPRegen  0.10/turn              (no ring)
MPRegen  0.12/turn              (no ring)

@: about to teleport
A: distributed training, fangs 1, strong nose
a: no special abilities


You were on level 3 of the Dungeon.
You visited 1 branch of the dungeon, and saw 4 of its levels.

You collected 89 gold pieces.

Inventory:

Hand Weapons
 d - a +0 club
 g - a +0 dagger
 k - a +0 hand axe
 l - a +0 short sword
 o - a +1 mace of holy wrath (weapon)
Missiles
 c - 43 bolts
 h - 12 stones
 q - 22 sling bullets
 r - a boomerang
Armour
 a - a +0 robe (worn)
 s - a +0 ring mail
Jewellery
 f - an uncursed amulet of reflection {unknown}
Scrolls
 n - a scroll of magic mapping
 p - a scroll of random uselessness {unknown}
Potions
 b - a potion of curing
 e - a potion of attraction {unknown}
 i - a potion of degeneration {unknown}
 m - a potion of resistance {unknown}


   Skills:
 + Level 1.2 Fighting
 + Level 1.2 Short Blades
 + Level 1.2 Long Blades
 + Level 1.2 Axes
 + Level 1.2 Maces & Flails
 + Level 1.2 Polearms
 + Level 1.2 Staves
 + Level 1.2 Slings
 + Level 1.2 Bows
 + Level 1.2 Crossbows
 + Level 1.2 Throwing
 + Level 1.2 Armour
 + Level 4.6 Dodging
 + Level 4.3 Stealth
 + Level 1.2 Shields
 + Level 1.2 Unarmed Combat
 + Level 5.1 Spellcasting
 + Level 1.0 Conjurations
 + Level 1.0 Hexes
 + Level 7.1 Summonings
 + Level 1.0 Necromancy
 + Level 1.0 Translocations
 + Level 1.0 Transmutations
 + Level 1.0 Fire Magic
 + Level 1.0 Ice Magic
 + Level 1.0 Air Magic
 + Level 1.0 Earth Magic
 + Level 1.0 Poison Magic
 + Level 1.3 Invocations
 + Level 1.2 Evocations


You had 7 spell levels left.
You knew the following spells:

 Your Spells              Type           Power        Failure   Level
a - Call Imp              Summ           32%          1%          2
b - Call Canine Familiar  Summ           32%          1%          3
c - Summon Small Mammal   Summ           100%         1%          1

Your spell library contained the following spells:

 Spells                   Type           Power        Failure   Level
 Summon Guardian Golem    Hex/Summ       20%          7%          3
 Summon Ice Beast         Ice/Summ       20%          22%         4
 Summon Lightning Spire   Summ/Air       20%          22%         4


Dungeon Overview and Level Annotations

Branches:
Dungeon (4/15)
 Temple: D:4-7

Altars:
Nemelex Xobeh
Xom


Innate Abilities, Weirdness & Mutations

Your experience applies equally to all skills.
You have very sharp teeth.
Your uncanny sense of smell can sniff out nearby items.


Message History

Your crimson imp closely misses the adder.
Your white imp hits the orc but does no damage.
The orc priest hits your white imp with a +0 falchion.
Something completely misses your crimson imp.
The adder bites you but does no damage.
Your crimson imp hits the adder.
Your white imp completely misses the orc.
The orc hits your white imp with a +0 flail.
As you read the scroll labelled ILACSA RI LIECEY, it crumbles to dust.
You feel strangely unstable.
It was a scroll of teleportation.
The orc priest invokes the aid of Beogh against you.
Beogh smites you!
* * * LOW HITPOINT WARNING * * *
The adder barely misses you. Something misses your crimson imp.
The orc priest closely misses your white imp.
Your crimson imp barely misses the adder.
Your white imp hits the orc but does no damage.
As you read the scroll labelled FIRI EDGHOX, it crumbles to dust.
You feel aware of your surroundings.
You sensed 1 altar.
It was a scroll of magic mapping.
The adder bites you.
You die...

......####∆,,,,,+,,,,,,* *,*
.###..# *,,,*,∆+,,,**,* *,*
.# #..# **,*,*,*,*,**,* *,*
.# #..# **,⌠,**,*,**,* *,* .#
#..#######**#,,*,**,# *,*
o###....5...##.####,##.# *,*
....o..o.o.........)...#***,*
#####.#####.######5.....,,,,*
5.....# #.oo5o@S..#********
####### ###########


You could see 2 orc priests, an adder, an orc, a friendly crimson imp (summoned)
and a friendly white imp (summoned).

Vanquished Creatures
  A goblin (D:1)
  3 hobgoblins (D:3)
  2 kobolds (D:2)
  A frilled lizard (D:1)
7 creatures vanquished.

Vanquished Creatures (collateral kills)
  A scorpion (D:3)
  2 orc wizards (D:3)
  An adder (D:2)
  A dart slug (D:1)
  A leopard gecko (D:2)
  6 orcs (D:3)
  A giant cockroach (D:1)
  3 hobgoblins
  A quokka (D:3)
  A ball python (D:2)
  2 bats
  A frilled lizard (D:1)
  2 goblins
  5 kobolds
  5 rats
33 creatures vanquished.

Grand Total: 40 creatures vanquished

Notes
Turn   | Place    | Note
-------+----------+-------------------------------------------
     0 | D:1      | dolemite99 the Gnoll Summoner began the quest for the Orb.
     0 | D:1      | Reached XP level 1. HP: 13/13 MP: 6/6
   871 | D:1      | Reached XP level 2. HP: 17/19 MP: 4/7
  1572 | D:2      | Learned a level 2 spell: Call Imp
  2018 | D:2      | Reached XP level 3. HP: 23/25 MP: 3/9
  2132 | D:2      | You fall into a shaft and drop 1 floor!
  2136 | D:3      | Reached skill level 5 in Spellcasting
  2152 | D:3      | Reached skill level 1 in Invocations
  2448 | D:3      | Learned a level 3 spell: Call Canine Familiar
  2455 | D:3      | Noticed a scorpion
  2497 | D:3      | Killed a scorpion
  2498 | D:3      | Reached skill level 1 in Fighting
  2498 | D:3      | Reached skill level 1 in Short Blades
  2498 | D:3      | Reached skill level 1 in Long Blades
  2498 | D:3      | Reached skill level 1 in Axes
  2498 | D:3      | Reached skill level 1 in Maces & Flails
  2498 | D:3      | Reached skill level 1 in Polearms
  2498 | D:3      | Reached skill level 1 in Staves
  2498 | D:3      | Reached skill level 1 in Slings
  2498 | D:3      | Reached skill level 1 in Bows
  2498 | D:3      | Reached skill level 1 in Crossbows
  2498 | D:3      | Reached skill level 1 in Throwing
  2498 | D:3      | Reached skill level 1 in Armour
  2498 | D:3      | Reached skill level 1 in Shields
  2498 | D:3      | Reached skill level 1 in Unarmed Combat
  2498 | D:3      | Reached skill level 1 in Evocations
  2498 | D:3      | Reached XP level 4. HP: 5/32 MP: 3/11
  2819 | D:2      | Found a sparkling altar of Nemelex Xobeh.
  2819 | D:2      | Found a shimmering altar of Xom.
  2883 | D:2      | You fall into a shaft and drop 2 floors!
  2937 | D:3      | Reached skill level 1 in Conjurations
  2937 | D:3      | Reached skill level 1 in Hexes
  2937 | D:3      | Reached skill level 1 in Necromancy
  2937 | D:3      | Reached skill level 1 in Translocations
  2937 | D:3      | Reached skill level 1 in Transmutations
  2937 | D:3      | Reached skill level 1 in Fire Magic
  2937 | D:3      | Reached skill level 1 in Ice Magic
  2937 | D:3      | Reached skill level 1 in Air Magic
  2937 | D:3      | Reached skill level 1 in Earth Magic
  2937 | D:3      | Reached skill level 1 in Poison Magic
  2958 | D:3      | Slain by an adder

Illustrated notes

Levels and vault maps discovered:
D:1:      giann_forest_graveyard, layout_loops_ring, minmay_distorted
D:2:      layout_rooms, chequers_temple_overflow_statue_of_worship,
          kennysheep_big_empty_room
D:3:      layout_loops_ring, fedhas_altar_2, gammafunk_ghost_nasty_kobolds
D:4:      layout_basic, grunt_gozag_breadcrumbs, nicolae_ru_awakened_eye,
          minmay_temple_entry_glass

Skill      XL: |  1  2  3  4 |
---------------+-------------+-----
Spellcasting   | 5 |  5.1
Invocations    | 1 |  1.3
Fighting       | 1 |  1.2
Short Blades   | 1 |  1.2
Long Blades    | 1 |  1.2
Axes           | 1 |  1.2
Maces & Flails | 1 |  1.2
Polearms       | 1 |  1.2
Staves         | 1 |  1.2
Slings         | 1 |  1.2
Bows           | 1 |  1.2
Crossbows      | 1 |  1.2
Throwing       | 1 |  1.2
Armour         | 1 |  1.2
Shields        | 1 |  1.2
Unarmed Combat | 1 |  1.2
Evocations     | 1 |  1.2
Conjurations   | 1 |  1.0
Hexes          | 1 |  1.0
Necromancy     | 1 |  1.0
Translocations | 1 |  1.0
Transmutations | 1 |  1.0
Fire Magic     | 1 |  1.0
Ice Magic      | 1 |  1.0
Air Magic      | 1 |  1.0
Earth Magic    | 1 |  1.0
Poison Magic   | 1 |  1.0
Dodging        | |  4.6
Stealth        | |  4.3
Summonings     | |  7.1

Action                   |  1- 3 |  4- 6 || total
-------------------------+-------+-------++-------
Melee: Unarmed           |     9 |       ||     9
       Bite              |     6 |       ||     6
       Club              |    18 |       ||    18
       Mace              |     4 |     9 ||    13
       Punch             |     1 |     1 ||     2
 Cast: Summon Small Mamm |    38 |       ||    38
       Call Imp          |     9 |     6 ||    15
       Call Canine Famil |     2 |     1 ||     3
  Use: Scroll            |       |     2 ||     2
       Potion            |       |     1 ||     1
 Stab: Sleeping          |     1 |       ||     1
       Distracted        |     2 |       ||     2
Armor: Robe              |     8 |     3 ||    11
Dodge: Dodged            |    51 |    24 ||    75
